 Dungeon Sprint DCSS version 0.19.1 (webtiles) character file.

54 equalderp2856 the Gouger (level 3, -2/19 HPs)
             Began as a Felid Fighter on Nov 29, 2016.
             Was an Initiate of Kikubaaqudgha.
             Slain by a vampire mosquito (8 damage)
             ... in the Dungeon (Sprint IX: "|||||||||||||||||||||||||||||").
             The game lasted 00:01:16 (333 turns).

equalderp2856 the Gouger (Felid Fighter)             Turns: 333, Time: 00:01:17

Health: -2/19      AC:  1    Str: 16    XL:     3   Next: 66%
Magic:  4/4        EV: 24    Int:  9    God:    Kikubaaqudgha [......]
Gold:   0          SH:  0    Dex: 15    Spells: 0 memorised, 2 levels left
                                        Lives:  0   Deaths: 1

rFire  . . .     SeeInvis +       - Unarmed
rCold  . . .     Gourm    .     (armour unavailable)
rNeg   . . .     Faith    .     (shield unavailable)
rPois  .         Spirit   .     (helmet unavailable)
rElec  .         Reflect  .     (cloak unavailable)
rCorr  .         Harm     .     (gloves unavailable)
MR     .....     NoTele   +     (boots unavailable)
Stlth  +++.......               (no amulet)
                                m - +3 ring of strength
                                n - +2 ring of evasion

@: very slightly contaminated, quick
A: no armour, no weapons or thrown items, stealth, claws 1, fangs 3, see
invisible, carnivore 3, speed 1, shaggy fur 1, slow metabolism 1, sharp paws
a: Renounce Religion


You were in the Dungeon.
You worshipped Kikubaaqudgha.
Kikubaaqudgha was noncommittal.
You were not hungry.

You visited 1 branch

Inventory:

Jewellery
 m - a +3 ring of strength (right paw)
 n - a +2 ring of evasion (left paw)
Wands
 l - a wand of iceblast (7/15)
Scrolls
 h - a scroll of blinking
 j - 3 scrolls of remove curse
 k - 2 scrolls of amnesia
Potions
 a - a potion of might
 c - 5 potions of curing
 d - 3 potions of heal wounds
 e - a potion of haste
 f - 4 potions of magic
 g - a potion of berserk rage
 i - a potion of invisibility
Comestibles
 b - a meat ration


   Skills:
 + Level 4.9 Fighting
 + Level 6.8 Dodging
 + Level 2.7 Stealth
 + Level 8.0 Unarmed Combat


You had 2 spell levels left.
You didn't know any spells.

Dungeon Overview and Level Annotations

Branches:
Dungeon (1/1)

Altars:
Cheibriados
Dithmenos
Elyvilon
Fedhas
Gozag
Hepliaklqana
Kikubaaqudgha
Makhleb
Nemelex Xobeh
Okawaru
Qazlal
Ru
Sif Muna
Trog
Uskayaw
Vehumet
Xom
Yredelemnul
Zin
The Shining One
Beogh
Jiyva
Lugonu


Innate Abilities, Weirdness & Mutations

You cannot wear armour.
You are incapable of wielding weapons or throwing items.
Your paws allow you to move quietly. (Stealth)
You have sharp claws.
You have razor-sharp teeth.
You have supernaturally acute eyesight. (SInv)
You are carnivorous and can eat meat at any time.
You cover ground quickly.
You are covered in fur. (AC +1)
You have a slow metabolism.
Your sharp claws are effective at attacking unaware monsters.


Message History

The hill giant is engulfed in spectral mist. x2
The six-headed hydra is engulfed in spectral mist.
The spectral bat closely misses you.
The vampire mosquito completely misses you.
Blink to where?
Press: ? - help, Dir - move target cursor You are very lightly contaminated with residual magic.
As you read the scroll of blinking, it crumbles to dust.
The spectral bat hits you but does no damage.
You closely miss the spectral bat.
The spectral bat hits you but does no damage. x2
The spectral bat completely misses you.
You claw the spectral bat!
You destroy the spectral bat!
The spectral bat completely misses you. The spectral bat closely misses you.
You claw the spectral bat!
You destroy the spectral bat!
The vampire mosquito bites you!
You die...
Kikubaaqudgha rasps: "You have failed me!
Welcome... death!"

▓▓▓▓▓▓▓▓▓▓▓▓▓▓▓▓▓▓▓▓▓▓▓▓▓▓▓
▓§§.Z....y@................
▓§▓▓▓▓▓▓▓▓▓▓▓▓▓▓▓▓▓▓▓▓▓▓▓▓▓
▓§§§C§CtDC+.S.FsO†..[[[)|..
▓▓▓▓▓▓▓▓▓▓▓▓▓▓▓▓▓▓▓▓▓▓▓▓▓▓▓


You could see a spectral bat and a vampire mosquito.

Vanquished Creatures
  2 crimson imps (D)
  An orc wizard (D)
  2 worms (D)
  A dart slug (D)
  A leopard gecko (D)
  A giant cockroach (D)
  A jackal (D)
  A kobold (D)
  A quokka (D)
  A rat (D)
12 creatures vanquished.

Vanquished Creatures (others)
  A hydra (D)
  A hill giant (D)
2 creatures vanquished.

Grand Total: 14 creatures vanquished

Notes
Turn   | Place    | Note
-------+----------+-------------------------------------------
     0 | D        | equalderp2856 the Felid Fighter began the quest for the Orb.
     0 | D        | Reached XP level 1. HP: 10/10 MP: 2/2
    22 | D        | Reached skill level 5 in Unarmed Combat
    27 | D        | Noticed a crimson imp
    27 | D        | Noticed a crimson imp
    40 | D        | Killed a crimson imp
    40 | D        | Reached skill level 5 in Dodging
    40 | D        | Reached skill level 1 in Stealth
    40 | D        | Reached skill level 6 in Unarmed Combat
    40 | D        | Reached XP level 2. HP: 7/15 MP: 3/3
    40 | D        | Reached XP level 3. HP: 9/18 MP: 4/4
    57 | D        | Reached skill level 7 in Unarmed Combat
    57 | D        | Reached XP level 4. HP: 12/22 MP: 5/5
   219 | D        | Found a roughly hewn altar of Beogh.
   219 | D        | Found a snail-covered altar of Cheibriados.
   219 | D        | Found a shadowy altar of Dithmenos.
   219 | D        | Found a white marble altar of Elyvilon.
   219 | D        | Found a blossoming altar of Fedhas.
   219 | D        | Found an opulent altar of Gozag.
   220 | D        | Found a hazy altar of Hepliaklqana.
   221 | D        | Found a viscous altar of Jiyva.
   222 | D        | Found an ancient bone altar of Kikubaaqudgha.
   223 | D        | Found a corrupted altar of Lugonu.
   224 | D        | Found a burning altar of Makhleb.
   225 | D        | Found a sparkling altar of Nemelex Xobeh.
   226 | D        | Found an iron altar of Okawaru.
   227 | D        | Found a stormy altar of Qazlal.
   228 | D        | Found a sacrificial altar of Ru.
   229 | D        | Found a deep blue altar of Sif Muna.
   230 | D        | Found a bloodstained altar of Trog.
   231 | D        | Found a hide-covered altar of Uskayaw.
   232 | D        | Found a radiant altar of Vehumet.
   233 | D        | Found a shimmering altar of Xom.
   234 | D        | Found a basalt altar of Yredelemnul.
   235 | D        | Found a glowing silver altar of Zin.
   236 | D        | Found a glowing golden altar of the Shining One.
   254 | D        | Became a worshipper of Kikubaaqudgha
   288 | D        | Noticed a bullfrog
   288 | D        | Noticed an ogre
   296 | D        | Reached skill level 8 in Unarmed Combat
   297 | D        | Slain by an ogre
   298 | D        | Reached XP level 3. HP: -2/19 MP: 4/4
   324 | D        | Noticed a vampire mosquito
   324 | D        | Noticed a hill giant
   324 | D        | Noticed a hill giant
   324 | D        | Noticed a jumping spider
   324 | D        | Noticed a six-headed hydra
   324 | D        | Noticed a hill giant
   324 | D        | Noticed a ghost crab
   324 | D        | a jumping spider changed into a ghost crab
   331 | D        | Killed a six-headed hydra
   332 | D        | Killed a hill giant
   333 | D        | Slain by a vampire mosquito

Skill      XL: |  1  2  3  4 |
---------------+-------------+-----
Unarmed Combat | 6 7 8 |  8.0
Fighting       | 4 |  4.9
Dodging        | 5 6 |  6.8
Stealth        | 1 2 |  2.7

Action                   |  1- 3 |  4- 6 || total
-------------------------+-------+-------++-------
Melee: Unarmed           |    39 |    17 ||    56
       Punch             |     2 |     2 ||     4
       Bite              |       |     5 ||     5
  Use: Scroll            |     1 |       ||     1
 Stab: Sleeping          |     1 |       ||     1
Armor: Skin              |     6 |       ||     6
Dodge: Dodged            |    26 |     9 ||    35
